MLB
ST. LOUIS CARDINALS @ PHILADELPHIA PHILLIES
02/26/2042
 
TOP OF THE 1ST
St. Louis Cardinals batting - Pitching for Philadelphia Phillies : RHP Raúl Jaramillo
Pitching: RHP Raúl Jaramillo
Batting: SHB Bob Wright 0-0: Ground out 4-3 (Groundball, 4, EV 85.0 MPH)
Batting: LHB Sexto Córdova 0-0: Ball
1-0: Called Strike
1-1: Foul Ball, location: 25FF
1-2: Foul Ball, location: 3FF
1-2: Ground out U3 (Groundball, 3, EV 89.4 MPH)
Batting: LHB José Esparza 0-0: Called Strike
0-1: DOUBLE (Line Drive, 7LS, EV 100.0 MPH)
Batting: LHB Les Dufour 0-0: Ball
1-0: Called Strike
1-1: Ball
2-1: Ball
3-1: Base on Balls
Batting: RHB Sumitomo Nakamura 0-0: Ball
1-0: Called Strike
1-1: Fly out, F8 (Flyball, 8LXD, EV 96.9 MPH)
Top of the 1st over - 0 runs, 1 hit, 0 errors, 2 left on base; St. Louis 0 - Philadelphia 0
BOTTOM OF THE 1ST
Philadelphia Phillies batting - Pitching for St. Louis Cardinals : RHP Walt Boisson
Pitching: RHP Walt Boisson
Batting: RHB César Vega 0-0: Ball
1-0: Ground out 6-3 (Groundball, 6, EV 89.4 MPH)
Batting: RHB Kawsen Al-Sadat 0-0: Ball
1-0: Ground out 4-3 (Groundball, 4, EV 82.5 MPH)
Batting: LHB Luis Gonzáles 0-0: Called Strike
0-1: Reached on error, E4 (Groundball, 4MS, EV 89.4 MPH)
Pitching: LHP Víctor Hernández
Batting: RHB Ed Jones 0-0: Ball
1-0: Ball
2-0: Foul Ball, location: 2F
2-1: Fly out, F4 (Popup, 4S, EV 77.5 MPH)
Bottom of the 1st over - 0 runs, 0 hits, 1 error, 1 left on base; St. Louis 0 - Philadelphia 0
TOP OF THE 2ND
St. Louis Cardinals batting - Pitching for Philadelphia Phillies : RHP Raúl Jaramillo
Batting: LHB Austin Wates Jr. 0-0: Ball
1-0: Foul Ball, location: 2F
1-1: Swinging Strike
1-2: Foul Ball, location: 7LSF
1-2: Foul Ball, location: 2F
1-2: Fly out, F8 (Flyball, 8RS, EV 80.0 MPH)
Batting: RHB Chris Alexander 0-0: DOUBLE (Flyball, 78XD, EV 101.9 MPH)
Batting: SHB Iván Durán 0-0: Called Strike
0-1: Ball
1-1: Foul Ball, location: 3F
1-2: Foul Ball, location: 3F
1-2: 2-RUN HOME RUN (Flyball, 9LD, EV 95.0 MPH), Distance : 353 ft
Batting: RHB Joel Farmer 0-0: Ball
1-0: Ball
2-0: Ball
3-0: Called Strike
3-1: Foul Ball, location: 3F
3-2: Fly out, F7 (Line Drive, 7LM, EV 98.1 MPH)
Batting: SHB Bob Wright 0-0: Fly out, F8 (Flyball, 8LD, EV 98.8 MPH)
Top of the 2nd over - 2 runs, 2 hits, 0 errors, 0 left on base; St. Louis 2 - Philadelphia 0
BOTTOM OF THE 2ND
Philadelphia Phillies batting - Pitching for St. Louis Cardinals : LHP Víctor Hernández
Pitching: RHP Vince Crabb
Batting: RHB Manny Maldonado 0-0: Called Strike
0-1: Ball
1-1: Ball
2-1: Ground out 5-3 (Groundball, 56, EV 89.4 MPH)
Batting: LHB Tim Thomas 0-0: Ball
1-0: Ball
2-0: Ball
3-0: Swinging Strike
3-1: Foul Ball, location: 25FF
3-2: Strikes out swinging
Batting: RHB Joe Massey 0-0: Ball
1-0: SINGLE (Line Drive, 56, EV 99.4 MPH)
Batting: RHB Raúl Jaramillo 0-0: Called Strike
Joe Massey steals 2nd base
0-1: Foul Ball, location: 9LSF
0-2: Ball
1-2: SINGLE (Line Drive, 6M, EV 95.0 MPH)
Joe Massey to third
Runner from 3rd tries for Home, SAFE, throw by CF to home
Raúl Jaramillo to second
Batting: RHB Tony Kelley 0-0: Ball
1-0: Called Strike
1-1: Fly out, F7 (Line Drive, 7LS, EV 85.6 MPH)
Bottom of the 2nd over - 1 run, 2 hits, 0 errors, 1 left on base; St. Louis 2 - Philadelphia 1
TOP OF THE 3RD
St. Louis Cardinals batting - Pitching for Philadelphia Phillies : RHP Raúl Jaramillo
Batting: LHB Sexto Córdova 0-0: Foul Ball, location: 5F
0-1: Foul Ball, location: 2F
0-2: Ball
1-2: Foul Ball, location: 7LSF
1-2: Ball
2-2: SINGLE (Groundball, 3L, EV 89.4 MPH)
Batting: LHB José Esparza 0-0: Ball
1-0: SINGLE (Groundball, 34D, EV 101.3 MPH)
Sexto Córdova to second
Runner from 2nd tries for 3rd, SAFE, throw by RF made to third
Batting: LHB Les Dufour 0-0: Called Strike
0-1: Ball
1-1: Grounds into double play, 4-6-3 (Groundball, 4, EV 105.6 MPH)
Sexto Córdova scores
Batting: RHB Sumitomo Nakamura 0-0: Called Strike
0-1: Ground out 5-3 (Groundball, 56S, EV 73.1 MPH)
Top of the 3rd over - 1 run, 2 hits, 0 errors, 0 left on base; St. Louis 3 - Philadelphia 1
BOTTOM OF THE 3RD
Philadelphia Phillies batting - Pitching for St. Louis Cardinals : RHP Vince Crabb
Pitching: LHP Ken Myers
Batting: RHB César Vega 0-0: SINGLE (Groundball, 56D, EV 98.1 MPH)
Batting: RHB Kawsen Al-Sadat 0-0: Sac Bunt to 23 - play at first, batter OUT! 3-4
César Vega to second
Batting: LHB Luis Gonzáles 0-0: Ball
César Vega steals 3rd base
1-0: Ball
2-0: Ball
3-0: Called Strike
3-1: Foul Ball, location: 2F
3-2: Base on Balls
Batting: RHB Ed Jones 0-0: Fly out, F8 (Line Drive, 8LM, EV 96.9 MPH)
Runner from 3rd tags up, SCORES, no throw by CF
Batting: RHB Manny Maldonado 0-0: Called Strike
0-1: Ball
1-1: Ground out 4-3 (Groundball, 4, EV 84.4 MPH)
Bottom of the 3rd over - 1 run, 1 hit, 0 errors, 1 left on base; St. Louis 3 - Philadelphia 2
TOP OF THE 4TH
St. Louis Cardinals batting - Pitching for Philadelphia Phillies : RHP Raúl Jaramillo
Batting: LHB Austin Wates Jr. 0-0: Ball
1-0: Called Strike
1-1: Ball
2-1: Fly out, F9 (Line Drive, 9LM, EV 105.0 MPH)
Batting: RHB Chris Alexander 0-0: Called Strike
0-1: Ball
1-1: Foul Ball, location: 3FF
1-2: Hit by Pitch
Batting: SHB Iván Durán 0-0: Ball
1-0: SINGLE (Groundball, 4S, EV 66.3 MPH) (infield hit)
Chris Alexander to second
Batting: RHB Joel Farmer 0-0: Ball
1-0: SINGLE (Line Drive, 8RS, EV 98.1 MPH)
Chris Alexander to third
Iván Durán to second
Runner from 3rd tries for Home, throw by CF and OUT! 8-2
Iván Durán to third
Joel Farmer to second
Pinch Hitting: RHB José Días 0-0: Called Strike
0-1: Ball
1-1: Ball
2-1: Swinging Strike
2-2: Strikes out swinging
Top of the 4th over - 0 runs, 2 hits, 0 errors, 2 left on base; St. Louis 3 - Philadelphia 2
BOTTOM OF THE 4TH
Philadelphia Phillies batting - Pitching for St. Louis Cardinals : LHP Ken Myers
Pitching: LHP Whit Nixon
Now in CF: José Días
Pinch Hitting: RHB Bob O'Herlihy 0-0: Ball
1-0: Called Strike
1-1: Foul Ball, location: 3F
1-2: Foul Ball, location: 2F
1-2: Strikes out looking
Batting: RHB Joe Massey 0-0: Foul Ball, location: 25F
0-1: Ground out 6-3 (Groundball, 6, EV 90.6 MPH)
Batting: RHB Raúl Jaramillo 0-0: Swinging Strike
0-1: Foul Ball, location: 5FF
0-2: Ball
1-2: Strikes out swinging
Bottom of the 4th over - 0 runs, 0 hits, 0 errors, 0 left on base; St. Louis 3 - Philadelphia 2
TOP OF THE 5TH
St. Louis Cardinals batting - Pitching for Philadelphia Phillies : RHP Raúl Jaramillo
Pitching: LHP Eric Doyle
Now at 1B: Mike Brewer
Now at 3B: Jeremy Baker
Batting: LHB Sexto Córdova 0-0: Ground out 6-3 (Groundball, 6MS, EV 71.9 MPH)
Batting: LHB José Esparza 0-0: Ball
1-0: Ball
2-0: Foul Ball, location: 5FF
2-1: Foul Ball, location: 3F
2-2: Strikes out looking
Batting: LHB Les Dufour 0-0: Ball
1-0: Swinging Strike
1-1: Swinging Strike
1-2: Strikes out looking
Top of the 5th over - 0 runs, 0 hits, 0 errors, 0 left on base; St. Louis 3 - Philadelphia 2
BOTTOM OF THE 5TH
Philadelphia Phillies batting - Pitching for St. Louis Cardinals : LHP Whit Nixon
Pitching: RHP Steve Foster
Now at 1B: Gilberto García
Now at 3B: António Valentín
Batting: RHB Tony Kelley 0-0: Swinging Strike
0-1: Foul Ball, location: 2LF
0-2: Strikes out swinging
Pinch Hitting: RHB Riccardo Gabrieli 0-0: Foul Ball, location: 7LSF
0-1: Ball
1-1: Swinging Strike
1-2: Ball
2-2: Ball
3-2: Foul Ball, location: 5DF
3-2: Ground out 4-3 (Groundball, 4M, EV 83.1 MPH)
Batting: RHB Kawsen Al-Sadat 0-0: Ball
1-0: Swinging Strike
1-1: Foul Ball, location: 3SF
1-2: Foul Ball, location: 7LSF
1-2: Foul Ball, location: 2F
1-2: Ball
2-2: Strikes out swinging
Bottom of the 5th over - 0 runs, 0 hits, 0 errors, 0 left on base; St. Louis 3 - Philadelphia 2
TOP OF THE 6TH
St. Louis Cardinals batting - Pitching for Philadelphia Phillies : LHP Eric Doyle
Pitching: RHP José Rincón
Now in LF: Riccardo Gabrieli
Now in CF: Don Ross
Pinch Hitting: RHB Tony Vance 0-0: Called Strike
0-1: Ball
1-1: Ground out U3 (Groundball, 13, EV 85.6 MPH)
Batting: RHB Gilberto García 0-0: Called Strike
0-1: Ball
1-1: Ball
2-1: Swinging Strike
2-2: Foul Ball, location: 5SF
2-2: Foul Ball, location: 2F
2-2: Ball
3-2: Strikes out looking
Batting: RHB António Valentín 0-0: Swinging Strike
0-1: Ball
1-1: Swinging Strike
1-2: Ball
2-2: Strikes out swinging
Top of the 6th over - 0 runs, 0 hits, 0 errors, 0 left on base; St. Louis 3 - Philadelphia 2
BOTTOM OF THE 6TH
Philadelphia Phillies batting - Pitching for St. Louis Cardinals : RHP Steve Foster
Pitching: RHP Héctor Martínez
Now at C: Tomás Quezada
Now at 2B: Tony Vance
Pinch Hitting: LHB Noel Sullivan 0-0: Called Strike
0-1: Ball
1-1: Ball
2-1: SINGLE (Groundball, 4D, EV 95.6 MPH)
Batting: RHB Jeremy Baker 0-0: Fly out, F8 (Flyball, 8LM, EV 83.8 MPH)
Batting: RHB Manny Maldonado 0-0: Ball
1-0: Foul Ball, location: 2RF
1-1: Ball
2-1: Foul Ball, location: 2F
2-2: Grounds into double play, 5-4-3 (Groundball, 5L, EV 86.9 MPH)
Bottom of the 6th over - 0 runs, 1 hit, 0 errors, 0 left on base; St. Louis 3 - Philadelphia 2
TOP OF THE 7TH
St. Louis Cardinals batting - Pitching for Philadelphia Phillies : RHP José Rincón
Pitching: RHP Jim Boyer
Now in RF: Noel Sullivan
Batting: RHB Greg Thompson 0-0: Ball
1-0: Ball
2-0: Called Strike
2-1: SINGLE (Groundball, 56D, EV 103.8 MPH)
Batting: LHB Tomás Quezada 0-0: Ball
1-0: Bunted foul
1-1: Bunted foul
1-2: Ball
2-2: Fly out, F9 (Flyball, 9, EV 96.3 MPH)
Batting: RHB José Días 0-0: Ball
1-0: Ball
2-0: Fly out, F7 (Flyball, 7, EV 88.8 MPH)
Batting: LHB Sexto Córdova 0-0: Swinging Strike
0-1: Called Strike
0-2: Ball
1-2: Ball
2-2: Ball
Wild Pitch!
Greg Thompson to second
3-2: Fly out, F7 (Line Drive, 78M, EV 100.6 MPH)
Top of the 7th over - 0 runs, 1 hit, 0 errors, 1 left on base; St. Louis 3 - Philadelphia 2
BOTTOM OF THE 7TH
Philadelphia Phillies batting - Pitching for St. Louis Cardinals : RHP Héctor Martínez
Pitching: RHP José Manuel
Batting: LHB Mike Brewer 0-0: Fly out, F5 (Line Drive, 5, EV 66.9 MPH)
Batting: RHB Joe Massey 0-0: Ball
1-0: Called Strike
1-1: Called Strike
1-2: Ball
2-2: Ball
3-2: Strikes out looking
Batting: RHB Raúl Jaramillo 0-0: Called Strike
0-1: Ball
1-1: Ball
2-1: Foul Ball, location: 2F
2-2: DOUBLE (Line Drive, 78D, EV 91.3 MPH)
Batting: LHB Don Ross 0-0: Called Strike
0-1: Swinging Strike
0-2: Strikes out looking
Bottom of the 7th over - 0 runs, 1 hit, 0 errors, 1 left on base; St. Louis 3 - Philadelphia 2
TOP OF THE 8TH
St. Louis Cardinals batting - Pitching for Philadelphia Phillies : RHP Jim Boyer
Pitching: RHP Juan Rúbio
Batting: LHB José Esparza 0-0: Foul Ball, location: 7LDF
0-1: Ball
1-1: Foul Ball, location: 23FF
1-2: Foul Ball, location: 2F
1-2: Foul Ball, location: 3F
1-2: Ball
2-2: Ground out 4-3 (Groundball, 4, EV 88.8 MPH)
Pinch Hitting: RHB Ed Chambers 0-0: Called Strike
0-1: Ground out 6-3 (Groundball, 6M, EV 81.9 MPH)
Batting: RHB Tony Vance 0-0: Called Strike
0-1: Ball
1-1: Ground out 5-3 (Groundball, 56S, EV 85.6 MPH)
Top of the 8th over - 0 runs, 0 hits, 0 errors, 0 left on base; St. Louis 3 - Philadelphia 2
BOTTOM OF THE 8TH
Philadelphia Phillies batting - Pitching for St. Louis Cardinals : RHP José Manuel
Pitching: RHP Leon Worley
Now at SS: Ed Chambers
Batting: RHB Riccardo Gabrieli 0-0: Ball
1-0: Fly out, F7 (Line Drive, 7, EV 97.5 MPH)
Batting: RHB Kawsen Al-Sadat 0-0: Ball
1-0: Ground out 6-3 (Groundball, 6S, EV 78.1 MPH)
Batting: LHB Noel Sullivan 0-0: Ball
1-0: Foul Ball, location: 7LSF
1-1: SINGLE (Line Drive, 89M, EV 89.4 MPH)
Pitching: RHP Mario Salazar
Batting: RHB Jeremy Baker 0-0: Called Strike
0-1: Called Strike
0-2: Ball
1-2: Ground out 2-3 (Groundball, 2L, EV 73.8 MPH)
Bottom of the 8th over - 0 runs, 1 hit, 0 errors, 1 left on base; St. Louis 3 - Philadelphia 2
TOP OF THE 9TH
St. Louis Cardinals batting - Pitching for Philadelphia Phillies : RHP Juan Rúbio
Pitching: RHP Johnny Hanson
Batting: RHB Gilberto García 0-0: Called Strike
0-1: Called Strike
0-2: Ball
1-2: Ball
2-2: Foul Ball, location: 2F
2-2: Ground out 5-3 (Groundball, 5S, EV 85.6 MPH)
Batting: RHB António Valentín 0-0: Fly out, F8 (Flyball, 8RD, EV 101.3 MPH)
Batting: RHB Greg Thompson 0-0: Ball
1-0: Called Strike
1-1: Called Strike
1-2: Strikes out looking
Top of the 9th over - 0 runs, 0 hits, 0 errors, 0 left on base; St. Louis 3 - Philadelphia 2
BOTTOM OF THE 9TH
Philadelphia Phillies batting - Pitching for St. Louis Cardinals : RHP Mario Salazar
Batting: RHB Manny Maldonado 0-0: Ball
1-0: Ball
2-0: Ground out U3 (Groundball, 3, EV 89.4 MPH)
Batting: LHB Mike Brewer 0-0: Ball
1-0: Foul Ball, location: 2F
1-1: Foul Ball, location: 7LMFF
1-2: Ball
2-2: Foul Ball, location: 7LDF
2-2: Fly out, F8 (Line Drive, 8LM, EV 94.4 MPH)
Batting: RHB Joe Massey 0-0: Fly out, F9 (Flyball, 9LM, EV 78.8 MPH)
Bottom of the 9th over - 0 runs, 0 hits, 0 errors, 0 left on base; St. Louis 3 - Philadelphia 2
Friday, May 3rd , 2024 - OOTP Baseball 24.10 Build 82